 Dungeon Crawl Stone Soup version 0.26-a0-36-g11e0b32562 (webtiles) character file.

Game seed: 10495105342780634632, levelgen mode: deterministic

2066 Brecoman the Grave Robber (level 9, -1/68 HPs)
             Began as a Demonspawn Necromancer on May 30, 2020.
             Was a Follower of Qazlal.
             Slain by a small abomination (19 damage)
             ... on level 1 of the Abyss.
             The game lasted 00:23:20 (10891 turns).

Brecoman the Grave Robber (Demonspawn Necromancer) Turns: 10891, Time: 00:23:20

Health: -1/68      AC:  7    Str: 11    XL:     9   Next: 5%
Magic:  16/16      EV: 12    Int: 16    God:    Qazlal [*.....]
Gold:   280        SH:  1    Dex: 15    Spells: 13/18 levels left

rFire    . . .     SeeInvis .     - Unarmed
rCold    + . .     Gourm    .   (no shield)
rNeg     . . .     Faith    .   A - +0 leather armour
rPois    +         Spirit   .   y - +0 helmet "Entosur" {Harm rPois} (curse)
rElec    .         Reflect  .   (no cloak)
rCorr    .         Harm     +   (no gloves)
MR       .....                  x - +0 pair of boots
Stlth    ++++......             (no amulet)
HPRegen  0.21/turn              (no ring)
MPRegen  0.15/turn              (no ring)

@: no status effects
A: claws 2, icy blue scales 1, cold resistance 1, nightstalker 2
a: Renounce Religion


You were on level 1 of the Abyss.
You worshipped Qazlal.
Qazlal was aware of your devotion.
You were hungry.

You visited 2 branches of the dungeon, and saw 9 of its levels.
You visited the Abyss 1 time.

You collected 280 gold pieces.

Inventory:

Missiles
 d - 2 throwing nets (quivered)
Armour
 a - a +0 robe
 v - a +0 helmet
 x - a +0 pair of boots (worn)
 y - the cursed +0 helmet "Entosur" (worn) {Harm rPois}
   (You found it on level 6 of the Dungeon)

   It protects you from poison.
   It increases damage dealt and taken.
   It has a curse placed upon it.
 A - a +0 leather armour (worn)
Jewellery
 g - an uncursed amulet of guardian spirit
Wands
 b - a wand of clouds (4)
 p - a wand of polymorph (20)
Scrolls
 h - 2 scrolls of blinking
 i - a scroll of fear
 k - 2 scrolls of enchant weapon
 n - 2 scrolls of immolation
 t - 3 scrolls of remove curse
 w - 2 scrolls of identify
Potions
 e - 2 potions of invisibility
 f - 3 potions of stabbing
 j - 2 potions of might {unknown}
 l - 6 potions of curing
 m - a potion of brilliance {unknown}
 o - 2 potions of berserk rage {unknown}
 q - 3 potions of cancellation
 r - a potion of flight {unknown}
 s - a potion of haste {unknown}
 u - a potion of mutation {unknown}
Comestibles
 c - 18 rations


   Skills:
 + Level 5.3 Fighting
 - Level 1.7 Dodging
 - Level 1.7 Stealth
 * Level 5.9 Unarmed Combat
 + Level 5.2 Spellcasting
 + Level 7.4 Necromancy
 + Level 3.4 Invocations


You had 13 spell levels left.
You knew the following spells:

 Your Spells              Type           Power        Failure   Level  Hunger
a - Pain                  Necr           ####         1%          1    None
b - Animate Skeleton      Necr           N/A          1%          1    None
c - Vampiric Draining     Necr           ####......   2%          3    ###....

Your spell library contained the following spells:

 Spells                   Type           Power        Failure   Level  Hunger
 Animate Dead             Necr           N/A          10%         4    ####...
 Agony                    Necr           ####....     26%         5    ######.


Dungeon Overview and Level Annotations

Branches:
Dungeon (8/15)             Temple (1/1) D:6
   Lair: D:8-11

Altars:
Ashenzari
Cheibriados
Dithmenos
Elyvilon
Fedhas
Gozag
Hepliaklqana
Makhleb
Nemelex Xobeh
Okawaru
Qazlal
Ru
Sif Muna
Trog
Uskayaw
Vehumet
Wu Jian
Yredelemnul
Zin
The Shining One

Shops:
D:6 =

Annotations:
D:5 1 runed translucent door, Caphalor's ghost, novice DsFi
D:8 Psyche


Innate Abilities, Weirdness & Mutations

You have very sharp fingernails.
You are partially covered in icy blue scales. (AC +2)
Your flesh is cold resistant. (rC+)
You are significantly more attuned to the shadows.


Message History

A small abomination materialises.
Casting: Vampiric Draining (dangerous; 2% risk of failure)
Confirm with . or Enter, or press ? or * to list all spells.
Aiming: Vampiric Draining (dangerous; 2% risk of failure)
Press: ? - help, Shift-Dir - straight line, f - small abomination
Aim: a small abomination (translocational energy, wandering, hasn't noticed you)
You can't drain life from that!
You start resting.
The small abomination is too close now for your liking.
The small abomination hits you!
* * * LOW HITPOINT WARNING * * *
The small abomination hits you.
* * * LOW HITPOINT WARNING * * *
Okay, then.
The small abomination hits you but does no damage.
Okay, then.
The small abomination is engulfed in freezing vapours.
A small abomination comes into view.
The small abomination hits you!
You die...

. . ..... ..... ....
.. ##...###..x###...##
...#.....#.....#.....#
......................
......................
... . .....°..x@.....
...#.....#.....#.....#
..###...###...###...##
. .#.....#..≈≈.# ....#
### ########≈≈........
#≈≈........


You could see 2 small abominations.

Vanquished Creatures
  Eustachio (D:5)
  2 orc warriors
  A phantom (D:6)
  5 ogres
  Blork the orc (D:5)
  3 bullfrogs
  A water moccasin zombie (D:7)
  2 howler monkeys
  A crimson imp (D:5)
  A bullfrog zombie (D:5)
  2 hounds
  A bullfrog skeleton (D:7)
  5 orc priests
  Jessica (D:2)
  Terence (D:2)
  4 orc wizards
  Natasha (D:2)
  7 worker ants
  A hound skeleton (D:4)
  3 gnolls (D:3)
  5 adders
  An ooze (D:2)
  An ufetubus (Abyss:1)
  An adder skeleton (D:4)
  6 worms
  2 dart slugs
  6 leopard geckos
  20 orcs
  12 bats
  9 giant cockroaches
  5 goblins
  7 hobgoblins
  12 jackals
  A quokka (D:4)
  2 ball pythons
  3 frilled lizards
  8 kobolds
  9 rats
154 creatures vanquished.

Vanquished Creatures (collateral kills)
  A bullfrog skeleton (D:7)
  A leopard gecko (D:4)
  An orc (D:6)
  A giant cockroach (D:7)
  A goblin (D:2)
5 creatures vanquished.

Vanquished Creatures (others)
  A worm (D:5)
1 creature vanquished.

Grand Total: 160 creatures vanquished

Notes
Turn   | Place    | Note
-------+----------+-------------------------------------------
     0 | D:1      | Brecoman the Demonspawn Necromancer began the quest for the
                  | Orb.
     0 | D:1      | Reached XP level 1. HP: 13/13 MP: 3/3
   404 | D:1      | Gained mutation: You are partially covered in icy blue
                  | scales. (AC +2) [demonic ancestry]
   404 | D:1      | Reached XP level 2. HP: 17/20 MP: 0/5
   555 | D:1      | Reached skill level 1 in Fighting
  1273 | D:1      | Reached XP level 3. HP: 20/26 MP: 0/6
  1501 | D:1      | Learned a level 1 spell: Animate Skeleton
  1505 | D:1      | Learned a level 3 spell: Vampiric Draining
  1823 | D:2      | Noticed Terence
  1849 | D:2      | Killed Terence
  1849 | D:2      | Reached skill level 5 in Necromancy
  1849 | D:2      | Gained mutation: Your flesh is cold resistant. (rC+)
                  | [demonic ancestry]
  1849 | D:2      | Reached XP level 4. HP: 26/33 MP: 0/8
  2072 | D:2      | Noticed Natasha
  2077 | D:2      | Noticed Jessica
  2089 | D:2      | Killed Natasha
  2090 | D:2      | Killed Jessica
  2643 | D:3      | Found a shadowy altar of Dithmenos.
  2647 | D:3      | Gained mutation: You have sharp fingernails. [demonic
                  | ancestry]
  2647 | D:3      | Reached XP level 5. HP: 34/39 MP: 4/9
  2773 | D:3      | Found a sparkling altar of Nemelex Xobeh.
  3141 | D:3      | Reached skill level 1 in Unarmed Combat
  3303 | D:3      | Found a faded altar of an unknown god.
  3429 | D:3      | Found a glowing golden altar of the Shining One.
  3920 | D:3      | Found a basalt altar of Yredelemnul.
  4410 | D:4      | Found a hide-covered altar of Uskayaw.
  4514 | D:4      | Found a hazy altar of Hepliaklqana.
  4608 | D:4      | Found a snail-covered altar of Cheibriados.
  4608 | D:4      | Found a blossoming altar of Fedhas.
  4868 | D:4      | Gained mutation: You have very sharp fingernails. [demonic
                  | ancestry]
  4868 | D:4      | Reached XP level 6. HP: 26/47 MP: 7/11
  5682 | D:5      | Entered Level 5 of the Dungeon
  5703 | D:4      | Reached skill level 6 in Necromancy
  5792 | D:5      | Found a sacrificial altar of Ru.
  5831 | D:5      | Gained mutation: You are slightly more attuned to the
                  | shadows. [demonic ancestry]
  5831 | D:5      | Reached XP level 7. HP: 37/52 MP: 5/12
  6003 | D:5      | Noticed Eustachio
  6022 | D:5      | Killed Eustachio
  6346 | D:5      | Found a white marble altar of Elyvilon.
  6369 | D:5      | Noticed Blork the orc
  6380 | D:5      | Killed Blork the orc
  6386 | D:5      | Found a runed translucent door.
  6393 | D:5      | Noticed Caphalor's ghost (novice DsFi)
  6560 | D:5      | Found a sacrificial altar of Ru.
  6834 | D:5      | Gained mutation: You are significantly more attuned to the
                  | shadows. [demonic ancestry]
  6834 | D:5      | Reached XP level 8. HP: 54/60 MP: 11/14
  7767 | D:6      | Found Itautt's Jewellery Emporium.
  7808 | D:6      | Found a staircase to the Ecumenical Temple.
  7829 | Temple   | Entered the Ecumenical Temple
  7890 | Temple   | Became a worshipper of Qazlal Stormbringer
  8183 | D:6      | Reached skill level 1 in Invocations
  8284 | D:6      | Reached skill level 5 in Unarmed Combat
  8395 | D:6      | Got a smoking helmet
  8406 | D:6      | Identified the cursed +0 helmet "Entosur" {Harm rPois} (You
                  | found it on level 6 of the Dungeon)
  8573 | D:6      | Reached skill level 7 in Necromancy
  8974 | D:6      | Reached skill level 5 in Spellcasting
  9137 | D:6      | Found a radiant altar of Vehumet.
  9406 | D:7      | Reached skill level 5 in Fighting
  9986 | D:7      | Reached XP level 9. HP: 61/68 MP: 16/16
 10110 | D:7      | Reached * piety under Qazlal
 10690 | D:8      | Noticed Psyche
 10712 | D:8      | Cast into level 1 of the Abyss (Psyche)
 10879 | Abyss:1  | Noticed a hellion
 10891 | Abyss:1  | Slain by a small abomination

Illustrated notes

Levels and vault maps discovered:
D:1:      doesnt_arrival_eight_statues, layout_basic
D:2:      layout_basic, uniq_terence, uniq_jessica, uniq_natasha
D:3:      layout_loops_ring, marbit_many_paths, lemuel_doored_altar,
          nicolae_tso_carved_into_rock,
          nicolae_dithmenos_through_a_glass_darkly, first_ration,
          chequers_ecumenical_altar_simple_redux, nicolae_underground_beach
D:4:      layout_loops_cross, kennysheep_mini_moat,
          nicolae_overflow_crystal_walls, grunt_temple_overflow_open
D:5:      layout_basic, elyvilon_altar_4, nicolae_ru_great_annihilating_truth,
          ebering_ghost_sewer_d, basic_altar, uniq_eustachio, uniq_blork_the_orc
D:6:      layout_basic, lemuel_round_altar, minmay_temple_entry_glass,
          serial_shops, nicolae_shop_window_shopping
D:7:      layout_basic
D:8:      minmay_blocky_corners, layout_basic,
          lemuel_mausoleum_altar_kikubaaqudgha, nicolae_ossuary_entry_giza,
          uniq_psyche, uniq_erica
Temple:   kb_temple_of_zot
Abyss:1:  base: D:15, guppyfry_abyss_exit_imp_island

Skill      XL: |  1  2  3  4  5  6  7  8 |
---------------+-------------------------+-----
Fighting       | 1 2 3 4 5 |  5.3
Necromancy     | 5 6 7 |  7.4
Spellcasting   | 3 4 5 |  5.2
Unarmed Combat | 1 3 4 5 |  5.9
Invocations    | 3 |  3.4
Dodging        | |  1.7
Stealth        | |  1.7

Action                   |  1- 3 |  4- 6 |  7- 9 || total
-------------------------+-------+-------+-------++-------
Melee: Unarmed           |    30 |    45 |   226 ||   301
       Short sword       |     5 |    25 |       ||    30
       Punch             |       |       |     4 ||     4
 Cast: Pain              |    71 |   114 |    17 ||   202
       Animate Skeleton  |     1 |    24 |    21 ||    46
       Vampiric Draining |       |     7 |    22 ||    29
  Use: Scroll            |       |    11 |     5 ||    16
 Stab: Distracted        |       |     2 |       ||     2
       Sleeping          |       |     3 |    11 ||    14
       Paralysed         |       |       |     2 ||     2
  Eat: Ration            |     1 |     1 |       ||     2
       Chunk             |       |    10 |    17 ||    27
Armor: Robe              |    21 |    18 |    41 ||    80
       Leather armour    |       |       |     7 ||     7
Dodge: Dodged            |    43 |    64 |   115 ||   222
Block: Other             |       |       |     1 ||     1

Table legend:
 A = Non-vault XP
 B = Vault XP
 C = Vault XP percentage of total XP
 D = Non-vault monster count
 E = Vault monster count
 F = Vault count percentage of total count
                 A         B        C        D         E       F
            +---------+---------+-------+---------+---------+-------
      Total |    2559 |     393 |  13.3 |     149 |      10 |   6.3
            +---------+---------+-------+---------+---------+-------
        D:1 |      48 |       0 |   0.0 |      26 |       0 |   0.0
        D:2 |      36 |      87 |  70.7 |      17 |       3 |  15.0
        D:3 |     184 |       1 |   0.5 |      38 |       1 |   2.6
        D:4 |     369 |       0 |   0.0 |       9 |       0 |   0.0
        D:5 |     437 |     305 |  41.1 |      11 |       6 |  35.3
        D:6 |     816 |       0 |   0.0 |      22 |       0 |   0.0
        D:7 |     661 |       0 |   0.0 |      25 |       0 |   0.0
    Abyss:1 |       8 |       0 |   0.0 |       1 |       0 |   0.0
            +---------+---------+-------+---------+---------+-------
